 Dungeon Crawl Stone Soup version 0.26.1-11-gd32895ea62 (webtiles) character file.

Game seed: 10668589708301010691

127 vvl the Chiller (level 4, -7/32 HPs)
             Began as a Demonspawn Ice Elementalist on July 22, 2021.
             Mangled by an ogre
             ... wielding a +0 giant spiked club
              (17 damage)
             ... on level 2 of the Dungeon.
             The game lasted 00:07:59 (3749 turns).

vvl the Chiller (Demonspawn Ice Elementalist)       Turns: 3749, Time: 00:07:59

Health: -7/32      AC:  5    Str:  8    XL:     4   Next: 85%
Magic:  0/8        EV: 10    Int: 17    God:
Gold:   84         SH:  0    Dex: 14    Spells: 7/8 levels left

rFire    . . .     SeeInvis .   f - +3 dagger
rCold    + . .     Faith    .   (no shield)
rNeg     . . .     Spirit   +   b - +0 ring mail
rPois    .         Reflect  .   (no helmet)
rElec    .         Harm     .   (no cloak)
rCorr    .         Rampage  .   (no gloves)
Will     .....                  (no boots)
Stlth    +.........             l - amulet of guardian spirit
HPRegen  0.10/turn              i - ring of protection from cold
MPRegen  0.11/turn              (no ring)

@: no status effects
A: talons 1
a: no special abilities


You were on level 2 of the Dungeon.
You visited 1 branch of the dungeon, and saw 4 of its levels.

You collected 84 gold pieces.

Inventory:

Hand Weapons
 f - a +3 dagger (weapon)
Armour
 b - a +0 ring mail (worn)
Jewellery
 i - a ring of protection from cold (left hand)
 l - an amulet of guardian spirit (around neck)
 o - an uncursed ring of protection from cold
Scrolls
 d - 2 scrolls of remove curse
 g - a scroll of amnesia {unknown}
 h - a scroll of fear {unknown}
 j - a scroll of identify {unknown}
 m - a scroll of enchant armour {unknown}
 n - a scroll of blinking {unknown}
Potions
 a - a potion of curing {unknown}
 c - a potion of heal wounds {unknown}
 e - 2 potions of flight {unknown}
 k - a potion of invisibility {unknown}


   Skills:
 + Level 1.6 Fighting
 + Level 0.9 Armour
 - Level 2.0 Dodging
 - Level 1.7 Stealth
 + Level 2.7 Spellcasting
 + Level 1.2 Conjurations
 * Level 4.5 Ice Magic


You had 7 spell levels left.
You knew the following spells:

 Your Spells              Type           Power        Failure   Level
a - Freeze                Ice            68%          9%          1

Your spell library contained the following spells:

 Spells                   Type           Power        Failure   Level
 Frozen Ramparts          Ice            34%          26%         3
 Ozocubu's Armour         Ice            17%          26%         3
 Hailstorm                Conj/Ice       12%          86%         4
 Summon Ice Beast         Ice/Summ       10%          91%         4


Dungeon Overview and Level Annotations

Branches:
Dungeon (4/15)
 Temple: D:4-7

Altars:


Innate Abilities, Weirdness & Mutations

You have sharp toenails.


Message History

The ogre hits you with a +0 giant spiked club.
* * * LOW HITPOINT WARNING * * *
You hit the giant cockroach.
The giant cockroach is almost dead.
The giant cockroach barely misses you.
You hit the giant cockroach.
You kill the giant cockroach!
The ogre barely misses you.
You see here a giant cockroach corpse.
A rat comes into view.
The worm bites you but does no damage.
There is a stone staircase leading up here.
The ogre barely misses you.
You climb upwards.
There is a stone staircase leading down here.
You hit the ogre.
The ogre is lightly wounded.
The ogre hits you with a +0 giant spiked club!!
Ouch! That really hurt!
You die...

.....#########.## ##.##
.....# ##...#####...##
.....# #..#.......#..#
.....# ##...#####...##
.....# ##.###..##.##
.##### #.# ##.#### .#
#.# #.##
.#############.####..#
.'...........>.O@....#
.############.######.##
.######### #.# #..#
.........# #.# #..##
.........# #.# #.).#
.........# #.# #.#.#
.........# #.# #...#
########## #.# ##..#
### #.# #..##


You could see an ogre.

Vanquished Creatures
  5 adders
  A worm (D:2)
  2 dart slugs (D:1)
  3 leopard geckos
  An orc (D:3)
  4 giant cockroaches
  5 goblins
  10 hobgoblins
  7 jackals
  A quokka (D:2)
  3 ball pythons
  5 bats
  5 frilled lizards
  11 kobolds
  7 rats
70 creatures vanquished.

Vanquished Creatures (others)
  6 plants (D:2)
6 creatures vanquished.

Grand Total: 76 creatures vanquished

Notes
Turn   | Place    | Note
-------+----------+-------------------------------------------
     0 | D:1      | vvl the Demonspawn Ice Elementalist began the quest for the
                  | Orb.
     0 | D:1      | Reached XP level 1. HP: 13/13 MP: 3/3
   377 | D:1      | Gained mutation: You have sharp toenails. [demonic
                  | ancestry]
   377 | D:1      | Reached XP level 2. HP: 18/20 MP: 5/5
   678 | D:1      | Reached skill level 4 in Ice Magic
   884 | D:1      | Reached skill level 1 in Fighting
   892 | D:1      | Reached XP level 3. HP: 20/26 MP: 2/6
  1732 | D:2      | Reached XP level 4. HP: 27/32 MP: 1/7
  2339 | D:2      | Reached skill level 1 in Conjurations
  3372 | D:3      | Noticed an ogre
  3749 | D:2      | Mangled by an ogre

Illustrated notes

Levels and vault maps discovered:
D:1:      dpeg_arrival_more_subterranean_lakeside_camping, layout_loops_ring
D:2:      layout_basic, serial_forest, infiniplex_forest_clump_cross,
          infiniplex_forest_join, infiniplex_forest_clump_diagonal,
          infiniplex_forest_lined_3, infiniplex_forest_clump_tiny,
          minmay_misc_feat_tower
D:3:      layout_basic
D:4:      layout_basic, gammafunk_temple_overflow_statue, serial_shops, shop,
          nemelex_lonely_heart_becter, uniq_menkaure, uniq_sigmund, uniq_natasha

Skill      XL: |  1  2  3  4 |
---------------+-------------+-----
Dodging        | 2 |  2.0
Ice Magic      | 4 |  4.5
Fighting       | 1 |  1.6
Conjurations   | 1 |  1.2
Armour         | |  0.9
Stealth        | |  1.7
Spellcasting   | |  2.7

Action                   |  1- 3 |  4- 6 || total
-------------------------+-------+-------++-------
Melee: Unarmed           |    11 |       ||    11
       Short sword       |    34 |       ||    34
       Dagger            |    74 |   106 ||   180
       Kick              |    16 |    15 ||    31
 Cast: Freeze            |    18 |     3 ||    21
  Use: Scroll            |       |     1 ||     1
 Stab: Sleeping          |     2 |     2 ||     4
Armor: Ring mail         |    45 |    58 ||   103
Dodge: Dodged            |    69 |    77 ||   146
